 Dungeon Crawl Stone Soup version 0.26-a0-542-gbaa144ba5c (webtiles) character file.

Game seed: 12937093599140980942

123729 Murumi the Peltast (level 17, -9/136 HPs)
             Began as a Formicid Fighter on Aug 15, 2020.
             Was the Champion of Okawaru.
             Killed from afar by a frost giant (22 damage)
             ... with a bolt of cold
             ... on level 15 of the Dungeon on Aug 17, 2020.
             The game lasted 02:14:10 (24240 turns).

Murumi the Peltast (Formicid Fighter)              Turns: 24240, Time: 02:14:10

Health: -9/136     AC: 38    Str: 20    XL:     17   Next: 46%
Magic:  24/24      EV:  9    Int:  6    God:    Okawaru [******]
Gold:   2124       SH: 36    Dex: 11    Spells: 16/16 levels left

rFire    . . .     SeeInvis +   a - +5 great sword (vamp)
rCold    . . .     Faith    .   O - +10 tower shield of Ignorance {rN+ Int-4}
rNeg     + . .     Spirit   .   M - +8 plate armour "Nuro" {rElec MR++ Str-3 SInv}
rPois    +         Reflect  +   (helmet unavailable)
rElec    +         Harm     .   g - +2 cloak {rPois}
rCorr    .                      k - +2 pair of gloves {archery}
MR       +++..                  F - +2 pair of boots {Fly}
Stlth    ..........             r - amulet of reflection
HPRegen  0.32/turn              N - +4 ring of slaying
MPRegen  0.19/turn              x - +4 ring of protection

@: flying
A: permanent stasis, dig shafts and tunnels, four strong arms, antennae 3,
clumsy 1
a: Dig, Shaft Self, Heroism, Finesse, Renounce Religion, Stop Flying


You were on level 15 of the Dungeon.
You worshipped Okawaru.
Okawaru was exalted by your worship.
You visited 3 branches of the dungeon, and saw 23 of its levels.
You also visited: Gauntlet.

You collected 2627 gold pieces.
You spent 503 gold pieces at shops.

Inventory:

Hand Weapons
 a - a +5 vampiric great sword (weapon)
 f - the +1 arbalest of Insufficient Pleasure {penet, +Inv rC- Str+5 Dex+4}
   (You acquired it on level 13 of the Dungeon)

   Ammo fired by it will pass through the targets it hits, potentially hitting
   all targets in its path until it reaches maximum range.
   It affects your strength (+5).
   It affects your dexterity (+4).
   It makes you vulnerable to cold.
   It lets you turn invisible.
 R - a +0 scimitar of flaming
Missiles
 e - 116 bolts
Armour
 g - a +2 cloak of poison resistance (worn)
 k - a +2 pair of gloves of archery (worn)
 F - a +2 pair of boots of flying (worn)
 M - the +8 plate armour "Nuro" (worn) {rElec MR++ Str-3 SInv}
   (You took it off a minotaur in a Gauntlet)

   It affects your strength (-3).
   It insulates you from electricity.
   It affects your resistance to hostile enchantments.
   It lets you see invisible.
 O - the +10 tower shield of Ignorance (worn) {rN+ Int-4}
   (You found it on level 1 of the Orcish Mines)

   It affects your intelligence (-4).
   It protects you from negative energy.
Jewellery
 r - an amulet of reflection (around neck)
 w - an uncursed amulet of regeneration
 x - a +4 ring of protection (right hand)
 K - an uncursed ring of protection from fire
 N - a +4 ring of slaying (left hand)
Wands
 o - a wand of random effects (75)
 q - a wand of iceblast (21)
 u - a wand of flame (20)
 v - a wand of disintegration (30)
 y - a wand of acid (13)
 B - a wand of enslavement (17)
 H - a wand of polymorph (9)
Scrolls
 d - 2 scrolls of enchant armour
 h - 10 scrolls of remove curse
 l - 7 scrolls of enchant weapon
 C - 12 scrolls of identify
 D - 4 scrolls of magic mapping
 G - a scroll of fog
 I - 2 scrolls of fear
Potions
 b - 4 potions of brilliance
 i - 13 potions of curing
 j - a potion of ambrosia
 m - 11 potions of mutation
 p - a potion of resistance
 s - a potion of magic
 z - 2 potions of heal wounds
 E - a potion of invisibility
 J - 2 potions of flight
 L - 5 potions of cancellation
 P - 2 potions of might
Miscellaneous
 n - a lightning rod (4/4)
 t - a box of beasts (3/3)
 A - a condenser vane (2/2)
 Q - a phial of floods


   Skills:
 - Level 13.0 Fighting
 - Level 12.0 Long Blades
 - Level 12.0 Crossbows
 - Level 13.0 Armour
 - Level 6.0 Dodging
 - Level 17.2 Shields
 + Level 9.9 Invocations
 - Level 9.0 Evocations


You had 16 spell levels left.
You didn't know any spells.
Your spell library contained the following spells:

 Spells                   Type           Power        Failure   Level
 Animate Skeleton         Necr           #.....       100%        1
 Magic Dart               Conj           #...         100%        1
 Pain                     Necr           #...         100%        1
 Summon Small Mammal      Summ           #...         100%        1
 Call Imp                 Summ           #.......     100%        2
 Searing Ray              Conj           #.....       100%        2
 Call Canine Familiar     Summ           #.......     100%        3
 Confusing Touch          Hex            #.......     100%        3
 Dazzling Flash           Conj/Hex       #.....       100%        3
 Gell's Gravitas          Tloc           #.........   100%        3
 Ignite Poison            Fire/Tmut/Pois #.......     100%        3
 Lesser Beckoning         Tloc           #.........   100%        3
 Summon Guardian Golem    Hex/Summ       #.......     100%        3
 Teleport Other           Tloc           #.......     100%        3
 Vampiric Draining        Necr           #.........   100%        3
 Animate Dead             Necr           #.........   100%        4
 Fulminant Prism          Conj/Hex       #.........   100%        4
 Iskenderun's Mystic Bla  Conj/Tloc      #.......     100%        4
 Passage of Golubria      Tloc           N/A          100%        4
 Petrify                  Tmut/Erth      #.......     100%        4
 Summon Ice Beast         Ice/Summ       #.......     100%        4
 Summon Lightning Spire   Summ/Air       #.......     100%        4
 Agony                    Necr           #.......     100%        5
 Fireball                 Conj/Fire      #.........   100%        5
 Metabolic Englaciation   Hex/Ice        #.........   100%        5
 Yara's Violent Unravell  Hex/Tmut       #.........   100%        5
 Starburst                Conj/Fire      #.........   100%        6
 Ignition                 Fire           #.........   100%        8
 Blink                    Tloc           Unusable     N/A         2

Dungeon Overview and Level Annotations

Branches:
Dungeon (15/15)            Temple (0/1) D:5            Lair (6/6) D:9
  Swamp (0/4) Lair:4       Spider (0/4) Lair:4        Slime (0/5) Lair:5
    Orc (2/2) D:10            Elf (0/3) Orc:2        Vaults (0/5) D:13
 Depths (0/5) D:15        Gauntlet (visited)

Altars:
Dithmenos
Elyvilon
Fedhas
Gozag
Kikubaaqudgha
Makhleb
Okawaru
Ru
Sif Muna
Trog
Uskayaw
Vehumet
Wu Jian
Xom
Jiyva

Shops:
D:6 [=}!}   D:11 *   Orc:1 :   Orc:2 (=*[


Innate Abilities, Weirdness & Mutations

You cannot be hasted, slowed, berserked, paralysed or teleported.
You can dig through walls and to a lower floor.
Your four strong arms can wield two-handed weapons with a shield.
You have a pair of large antennae on your head. (SInv)
You are clumsy. (Dex -2)


Message History

You block the frost giant's attack.
You hit the frost giant.
You feel better.
The frost giant is severely wounded.
You hit the frost giant.
You feel better.
The frost giant is severely wounded.
You block the frost giant's attack.
You hit the frost giant but do no damage.
The frost giant is severely wounded.
The frost giant casts a spell at you. The bolt of cold hits you!
* * * LOW HITPOINT WARNING * * *
You feel much better. The frost giant casts a spell at you.
The bolt of cold hits you!!
* * * LOW HITPOINT WARNING * * *
You hit the frost giant.
The frost giant is severely wounded.
The frost giant casts a spell at you. The bolt of cold hits you!!
You die...

#########
#.+..C@)#
#.#.>.#.#
#)#...#.#
#.#####.#
#.≈...≈.#
#.≈...≈.#
#.≈.≈.≈.#
#.#.#.#.#
#≈..#..≈#


You could see a frost giant.

Vanquished Creatures
  Agnes (D:14)
  The ghost of glosham the Severer, a journeyman PaDe of Cheibriados (Orc:2)
  An orc warlord (Orc:2)
  The ghost of Bicoicew the Contaminator, a journeyman OpVM of Ru (D:14)
  A very ugly thing (D:14)
  A stone giant (Orc:2)
  A dire elephant (Lair:6)
  The ghost of Baeff the Grappler, a journeyman TrDe of Trog (D:13)
  A minotaur (Gauntlet)
  The ghost of Xamepor the Summoner, a journeyman GnSu of Cheibriados (D:13)
  A great orb of eyes (D:12)
  The ghost of Askman the Brawler, a journeyman TrMo (Lair:4)
  7 hydras
  4 vault guards (D:13)
  2 catoblepae
  The ghost of Jowiufri the Basher, a journeyman GrFi of Zin (D:13)
  The ghost of Jowiufri the Basher, a journeyman GrFi of Zin (D:13)
  A ghost crab (Gauntlet)
  An ogre mage (D:12)
  9 two-headed ogres
  A dancing weapon (Lair:1)
  3 centaur warriors
  A deep troll shaman (Lair:6)
  6 death yaks
  A death scarab (Gauntlet)
  2 orc high priests (Orc:2)
  The ghost of RamboRex the Fighter, a novice GrFi of Makhleb (Lair:1)
  An unseen horror (shapeshifter) (D:14)
  An obsidian statue (Orc:2)
  A glowing orange brain (D:14)
  4 orange crystal statues (Orc:1)
  6 orc knights (Orc:2)
  An orc sorcerer (Orc:2)
  8 ugly things
  3 cyclopes
  A deep elf mage (D:15)
  3 manticores
  Joseph (D:10)
  18 elephants
  Maurice (D:8)
  3 black mambas
  A centaur zombie (D:12)
  9 cane toads
  8 komodo dragons
  A freezing wraith (D:14)
  A kobold demonologist (D:13)
  3 rime drakes
  An efreet (D:15)
  A yaktaur (D:15)
  6 trolls
  14 polar bears
  Grinder (D:4)
  A meliai (shapeshifter) (D:14)
  9 hippogriffs
  15 blink frogs
  A meliai zombie (D:15)
  A raiju (shapeshifter) (D:15)
  A slime creature (D:13)
  A spriggan (Lair:2)
  6 flying skulls (Gauntlet)
  2 shadows
  A tarantella (shapeshifter) (D:14)
  5 basilisks
  A spectral komodo dragon (Gauntlet)
  A wraith (D:13)
  Eustachio (D:5)
  A hog (D:7)
  40 yaks
  2 wyverns
  3 neqoxecs (D:14)
  A warg (shapeshifter) (D:14)
  2 vampire mosquitoes (D:15)
  An acid dragon (D:12)
  4 wargs (Orc:2)
  13 water moccasins
  10 porcupines
  A sky beast (shapeshifter) (D:14)
  43 orc warriors
  9 black bears
  4 phantoms
  5 ice beasts
  6 sky beasts
  An eye of draining (D:13)
  9 ogres
  13 wolves
  13 crocodiles
  4 centaurs
  28 bullfrogs
  2 gnoll sergeants
  A wyvern zombie (D:8)
  4 scorpions
  A hornet simulacrum (D:12)
  3 killer bees (D:7)
  5 wights (D:13)
  An electric eel (D:14)
  6 howler monkeys
  2 bullfrog zombies
  A quasit (D:11)
  9 hounds
  23 orc wizards
  Crazy Yiuf (D:3)
  10 orc priests
  7 bullfrog skeletons
  4 jellies
  3 centaur skeletons
  5 iguanas
  A worker ant (shapeshifter) (D:14)
  Natasha (thrice) (D:3)
  9 worker ants
  3 hound zombies
  A hound skeleton (D:5)
  3 worker ant zombies
  11 gnolls
  7 adders
  6 shadow imps
  2 white imps
  An ufetubus (D:6)
  5 oozes
  2 adder skeletons
  An adder zombie (D:9)
  A worm (D:4)
  2 dart slugs
  5 leopard geckos
  83 orcs
  4 giant cockroaches
  5 goblins
  11 hobgoblins
  6 jackals
  8 quokkas
  15 bats
  3 frilled lizards
  12 kobolds
  2 quokka skeletons (D:7)
  A quokka zombie (D:6)
  9 rats
720 creatures vanquished.

Vanquished Creatures (collateral kills)
  A cyclops (D:14)
1 creature vanquished.

Vanquished Creatures (others)
  A death yak (Lair:6)
  26 fungi
  4 plants
  2 withered plants (D:13)
33 creatures vanquished.

Grand Total: 754 creatures vanquished

Notes
Turn   | Place    | Note
-------+----------+-------------------------------------------
     0 | D:1      | Murumi the Formicid Fighter began the quest for the Orb.
     0 | D:1      | Reached XP level 1. HP: 18/18 MP: 1/1
    71 | D:1      | Reached skill level 1 in Dodging
    71 | D:1      | Reached XP level 2. HP: 24/24 MP: 2/2
    74 | D:1      | Reached skill level 4 in Shields
   255 | D:1      | Reached XP level 3. HP: 27/29 MP: 3/3
   999 | D:2      | Reached XP level 4. HP: 37/37 MP: 4/4
  1510 | D:2      | Found an iron altar of Okawaru.
  1514 | D:2      | Became a worshipper of Warmaster Okawaru
  1534 | D:2      | Found a white marble altar of Elyvilon.
  1557 | D:2      | Found a bloodstained altar of Trog.
  1641 | D:2      | Found a hide-covered altar of Uskayaw.
  1813 | D:2      | Found a shadowy altar of Dithmenos.
  2019 | D:3      | Noticed Natasha
  2029 | D:3      | Killed Natasha
  2029 | D:3      | Reached skill level 1 in Invocations
  2029 | D:3      | Reached XP level 5. HP: 36/42 MP: 5/5
  2047 | D:3      | Noticed Natasha
  2054 | D:3      | Killed Natasha
  2167 | D:3      | Noticed Natasha
  2172 | D:3      | Killed Natasha
  2313 | D:3      | Found a runed translucent door.
  2314 | D:3      | Noticed Crazy Yiuf
  2588 | D:3      | Found a faded altar of an unknown god.
  2704 | D:3      | Killed Crazy Yiuf
  2704 | D:3      | Reached skill level 5 in Shields
  2704 | D:3      | Reached XP level 6. HP: 39/48 MP: 7/7
  2925 | D:4      | Reached skill level 1 in Evocations
  3185 | D:4      | Noticed an ogre
  3191 | D:4      | Killed an ogre
  3191 | D:4      | Reached XP level 7. HP: 47/55 MP: 7/9
  3352 | D:4      | Reached skill level 5 in Fighting
  3425 | D:4      | Reached * piety under Okawaru
  3583 | D:4      | Found a burning altar of Makhleb.
  3623 | D:5      | Entered Level 5 of the Dungeon
  3630 | D:5      | Reached skill level 5 in Armour
  3663 | D:5      | Noticed Grinder
  3672 | D:4      | Killed Grinder
  3672 | D:4      | Reached skill level 6 in Shields
  3672 | D:4      | Reached XP level 8. HP: 46/62 MP: 10/10
  3876 | D:5      | Reached skill level 7 in Shields
  4021 | D:5      | Found an opulent altar of Gozag.
  4038 | D:5      | Reached ** piety under Okawaru
  4204 | D:5      | Noticed Eustachio
  4262 | D:5      | Killed Eustachio
  4362 | D:5      | Found a sacrificial altar of Ru.
  4578 | D:5      | Found an ornate altar of the Wu Jian Council.
  4684 | D:5      | Found a staircase to the Ecumenical Temple.
  4792 | D:6      | Reached skill level 5 in Long Blades
  4998 | D:6      | Found Saonazua's Antique Armour Shoppe.
  5028 | D:6      | Reached XP level 9. HP: 54/69 MP: 11/11
  5155 | D:6      | Found Qevanin's Gadget Shoppe.
  5393 | D:6      | Bought a box of beasts (3/3) for 220 gold pieces
  5410 | D:6      | Found Maudghia's Distillery.
  5524 | D:6      | Reached skill level 8 in Shields
  5659 | D:6      | Found Gaugg's Gadget Shoppe.
  5880 | D:6      | Found a radiant altar of Vehumet.
  5890 | D:6      | Found an ancient bone altar of Kikubaaqudgha.
  5906 | D:6      | Found a shimmering blue altar of Sif Muna.
  5944 | D:6      | Identified Sif Muna's Compendium of Creation
  6052 | D:6      | Found Veplaw's Jewellery Boutique.
  6089 | D:7      | Reached *** piety under Okawaru
  6416 | D:7      | Reached XP level 10. HP: 62/79 MP: 13/13
  6419 | D:7      | Reached skill level 9 in Shields
  6503 | D:7      | Reached **** piety under Okawaru
  6841 | D:7      | Found a huge runed translucent gate.
  6841 | D:7      | Found a huge runed translucent gate.
  6841 | D:7      | Found a huge runed translucent gate.
  6841 | D:7      | Found a huge runed translucent gate.
  6841 | D:7      | Noticed a death yak
  6841 | D:7      | Noticed a manticore
  6929 | D:7      | Killed a manticore
  6929 | D:7      | Reached skill level 5 in Invocations
  7007 | D:7      | Killed a death yak
  7007 | D:7      | Reached ***** piety under Okawaru
  7007 | D:7      | Reached XP level 11. HP: 27/89 MP: 11/14
  7064 | D:7      | Reached skill level 10 in Shields
  7408 | D:8      | Reached skill level 1 in Crossbows
  7452 | D:8      | Noticed Maurice
  7468 | D:8      | Killed Maurice
  7572 | D:6      | Bought a condenser vane (2/2) for 220 gold pieces
  7754 | D:8      | Noticed a cyclops
  7776 | D:8      | Killed a cyclops
  7945 | D:8      | Received a gift from Okawaru
  7988 | D:8      | Got a pair of smouldering gloves {god gift}
  8002 | D:8      | Identified the +2 pair of gloves of a Million Geomancers
                  | {rPois MP+9} (Okawaru gifted it to you on level 8 of the
                  | Dungeon)
  8699 | D:9      | Reached skill level 5 in Crossbows
  8960 | D:9      | Found a staircase to the Lair.
  9184 | Lair:1   | Entered Level 1 of the Lair of Beasts
  9281 | Lair:1   | Found a runed translucent door.
  9281 | Lair:1   | Found a shimmering altar of Xom.
  9281 | Lair:1   | Noticed RamboRex's ghost (novice GrFi)
  9281 | Lair:1   | Noticed a +0 mace of chaos
  9289 | Lair:1   | Noticed a five-headed hydra
  9316 | Lair:1   | Killed a five-headed hydra
  9316 | Lair:1   | Reached XP level 12. HP: 49/95 MP: 15/15
  9469 | Lair:1   | Got a steaming chain mail
  9479 | Lair:1   | Identified the +2 chain mail of Wociuhya {Int+8 Dex-3
                  | Slay+2} (You found it on level 1 of the Lair of Beasts)
  9570 | Lair:1   | Reached skill level 5 in Evocations
 10286 | Lair:2   | Identified a scroll of acquirement
 10286 | Lair:2   | Acquired a manual of Shields
 10472 | Lair:2   | Received a gift from Okawaru
 10725 | Lair:2   | Received a gift from Okawaru
 10823 | Lair:2   | Reached skill level 11 in Shields
 11297 | Lair:3   | Received a gift from Okawaru
 11303 | Lair:3   | Reached skill level 12 in Shields
 11306 | Lair:3   | Reached ****** piety under Okawaru
 11623 | Lair:3   | Noticed a four-headed hydra
 11633 | Lair:3   | Killed a four-headed hydra
 11633 | Lair:3   | Reached skill level 13 in Shields
 12011 | Lair:4   | Noticed a catoblepas
 12036 | Lair:4   | Killed a catoblepas
 12036 | Lair:4   | Reached skill level 14 in Shields
 12036 | Lair:4   | Reached XP level 13. HP: 70/101 MP: 17/17
 12258 | Lair:4   | Found a hole to the Spider Nest.
 12291 | Lair:4   | Reached skill level 15 in Shields
 12359 | Lair:4   | Received a gift from Okawaru
 12457 | Lair:4   | Reached skill level 16 in Shields
 12557 | Lair:4   | Found a staircase to the Swamp.
 12895 | Lair:4   | Found a runed translucent door.
 12919 | Lair:4   | Noticed Askman's ghost (journeyman TrMo)
 12938 | Lair:4   | Killed Askman's ghost
 12938 | Lair:4   | Received a gift from Okawaru
 12938 | Lair:4   | Reached skill level 17 in Shields
 13236 | Lair:5   | Noticed a four-headed hydra
 13243 | Lair:5   | Killed a four-headed hydra
 13281 | Lair:5   | Found a runed translucent door.
 13281 | Lair:5   | Found a viscous altar of Jiyva.
 13281 | Lair:5   | Found a staircase to the Slime Pits.
 13425 | Lair:5   | Reached skill level 10 in Fighting
 13680 | Lair:5   | Reached skill level 10 in Armour
 14100 | Lair:6   | Entered Level 6 of the Lair of Beasts
 14165 | Lair:6   | Found a gate leading to a gauntlet.
 14206 | Gauntlet | Entered a Gauntlet
 14206 | Gauntlet | Found a transporter.
 14206 | Gauntlet | Found a transporter.
 14235 | Gauntlet | Noticed a catoblepas
 14314 | Gauntlet | Found a transporter.
 14314 | Gauntlet | Found a transporter.
 14316 | Gauntlet | Found a large runed translucent door.
 14317 | Gauntlet | Found a large runed translucent door.
 14318 | Gauntlet | Found a large runed translucent door.
 14318 | Gauntlet | Found a large runed translucent door.
 14318 | Gauntlet | Found a runed translucent door.
 14318 | Gauntlet | Found a runed translucent door.
 14319 | Gauntlet | Found a large runed translucent door.
 14319 | Gauntlet | Found a large runed translucent door.
 14319 | Gauntlet | Found a large runed translucent door.
 14319 | Gauntlet | Found a large runed translucent door.
 14320 | Gauntlet | Found a large runed translucent door.
 14320 | Gauntlet | Found a large runed translucent door.
 14321 | Gauntlet | Found a large runed translucent door.
 14321 | Gauntlet | Found a large runed translucent door.
 14322 | Gauntlet | Found a runed translucent gate.
 14322 | Gauntlet | Found a runed translucent gate.
 14322 | Gauntlet | Found a runed translucent gate.
 14324 | Gauntlet | Found a transporter.
 14331 | Gauntlet | Found a transporter.
 14334 | Gauntlet | Found a transporter.
 14334 | Gauntlet | Noticed a ghost crab
 14358 | Gauntlet | Found a transporter.
 14365 | Gauntlet | Found a transporter.
 14374 | Gauntlet | Found a large runed translucent door.
 14375 | Gauntlet | Found a large runed translucent door.
 14377 | Gauntlet | Found a transporter.
 14404 | Gauntlet | Found a large runed translucent door.
 14405 | Gauntlet | Found a large runed translucent door.
 14425 | Gauntlet | Found a transporter.
 14439 | Gauntlet | Found a transporter.
 14453 | Gauntlet | Found a transporter.
 14538 | Gauntlet | Found a transporter.
 14553 | Gauntlet | Found a transporter.
 14569 | Gauntlet | Found a transporter.
 14834 | Gauntlet | Killed a ghost crab
 14884 | Gauntlet | Got a flickering copper ring
 14885 | Gauntlet | Identified the ring of Ycleef {rC++ Str-5 Stlth-} (You
                  | found it in a Gauntlet)
 14938 | Gauntlet | Identified the +8 plate armour "Nuro" {rElec MR++ Str-3
                  | SInv}
 14938 | Gauntlet | Noticed a minotaur
 14964 | Gauntlet | Killed a minotaur
 14964 | Gauntlet | Received a gift from Okawaru
 14964 | Gauntlet | Reached XP level 14. HP: 103/110 MP: 19/19
 15008 | Gauntlet | Got a bound ruby amulet
 15032 | Gauntlet | Identified the amulet of Hijelas {Inacc rElec} (You found
                  | it in a Gauntlet)
 15512 | Lair:6   | Received a gift from Okawaru
 15524 | Lair:6   | Got a pair of heavily runed gloves {god gift}
 15534 | Lair:6   | Identified the +0 pair of gloves "Adudu" {rC+ Int+2 SInv}
                  | (Okawaru gifted it to you on level 6 of the Lair of Beasts)
 15701 | Lair:6   | Reached skill level 10 in Long Blades
 15701 | Lair:6   | Reached skill level 10 in Crossbows
 15701 | Lair:6   | Reached XP level 15. HP: 118/118 MP: 20/20
 15960 | Lair:6   | Acquired a +0 pair of gloves of archery
 16180 | Lair:6   | Reached skill level 5 in Dodging
 16697 | Lair:1   | Killed RamboRex's ghost
 16738 | D:9      | Upgraded the game from 0.26-a0-540-g8a0c9464d7 to
                  | 0.26-a0-542-gbaa144ba5c
 16755 | D:10     | Entered Level 10 of the Dungeon
 16817 | D:10     | Found a staircase to the Orcish Mines.
 17341 | D:10     | Noticed Joseph
 17344 | D:10     | Killed Joseph
 17425 | Orc:1    | Entered Level 1 of the Orcish Mines
 17449 | Orc:1    | Found a runed translucent door.
 17464 | Orc:1    | Found Idaoru's Book Shop.
 17510 | Orc:1    | Found the +10 tower shield of Ignorance {rN+ Int-4}
 17541 | Orc:1    | Found a runed translucent door.
 18475 | Orc:2    | Entered Level 2 of the Orcish Mines
 18550 | Orc:2    | Received a gift from Okawaru
 18598 | Orc:2    | Noticed an orc warlord
 18606 | Orc:2    | Reached XP level 16. HP: 127/127 MP: 22/22
 18814 | Orc:2    | Found a bloodstained altar of Trog.
 18841 | Orc:2    | Found Cowob's Antique Weapon Shop.
 18920 | Orc:2    | Found Tosikofuisch's Jewellery Shop.
 19118 | Orc:2    | Bought a cursed ring of attention for 63 gold pieces
 19165 | Orc:2    | Received a gift from Okawaru
 19356 | Orc:2    | Found a staircase to the Elven Halls.
 19432 | Orc:2    | Found a runed translucent gate.
 19433 | Orc:2    | Found a runed translucent gate.
 19433 | Orc:2    | Found an opulent altar of Gozag.
 19434 | Orc:2    | Found a runed translucent gate.
 19435 | Orc:2    | Noticed glosham's ghost (journeyman PaDe)
 19459 | Orc:2    | Found Vuebump's General Store.
 19581 | Orc:2    | Found Toklux's Antique Armour Shoppe.
 19693 | Orc:2    | Killed glosham's ghost
 19693 | Orc:2    | Received a gift from Okawaru
 20235 | D:11     | Found Rotonyim's Elemental Accessories.
 21536 | D:13     | Found a runed translucent gate.
 21536 | D:13     | Found a runed translucent gate.
 21536 | D:13     | Found a runed translucent gate.
 21536 | D:13     | Noticed Xamepor's ghost (journeyman GnSu)
 21536 | D:13     | Noticed Jowiufri's ghost (journeyman GrFi)
 21536 | D:13     | Noticed Baeff's ghost (journeyman TrDe)
 21536 | D:13     | Noticed Jowiufri's ghost (journeyman GrFi)
 21564 | D:13     | Acquired the +1 arbalest of Insufficient Pleasure {penet,
                  | +Inv rC- Str+5 Dex+4}
 21899 | D:13     | Found a gate to the Vaults.
 21937 | D:13     | Received a gift from Okawaru
 22553 | D:13     | Killed Jowiufri's ghost
 22570 | D:13     | Killed Xamepor's ghost
 22591 | D:13     | Killed Jowiufri's ghost
 22608 | D:13     | Killed Baeff's ghost
 22828 | D:14     | Reached XP level 17. HP: 136/136 MP: 23/23
 22847 | D:14     | Noticed Agnes
 22866 | D:14     | Killed Agnes
 22959 | D:14     | Found a runed translucent gate.
 23181 | D:14     | Found a blossoming altar of Fedhas.
 23411 | D:14     | Found a runed translucent gate.
 23412 | D:14     | Found a runed translucent gate.
 23466 | D:14     | Received a gift from Okawaru
 23513 | D:14     | Found a runed translucent gate.
 23513 | D:14     | Found a runed translucent gate.
 23516 | D:14     | Noticed Bicoicew's ghost (journeyman OpVM)
 23527 | D:14     | Found a runed translucent gate.
 23580 | D:14     | Killed Bicoicew's ghost
 23589 | D:14     | Gained mutation: You are clumsy. (Dex -2) [a neqoxec]
 23781 | D:14     | Got a crude cloak
 23793 | D:14     | Identified the +1 cloak of the Beekeeper {rC- rN++ Dex+3}
                  | (You found it on level 14 of the Dungeon)
 23842 | D:15     | Entered Level 15 of the Dungeon
 24223 | D:15     | Found a staircase to the Depths.
 24240 | D:15     | Killed from afar by a frost giant

Illustrated notes

Levels and vault maps discovered:
D:1:      dpeg_arrival_rooms_b, layout_rooms, minmay_hedge_maze
D:2:      layout_loops_ring, nicolae_overflow_quartered_altars,
          lemuel_doored_altar
D:3:      layout_basic, chequers_ecumenical_altar_twisty, uniq_natasha,
          uniq_crazy_yiuf_cottage
D:4:      kb_forest_paths, layout_rooms, marbit_many_paths
D:5:      layout_rooms, hangedman_ru_absence, nicolae_overflow_crystal_walls,
          minmay_temple_entry_nine_rooms, grunt_gozag_breadcrumbs, uniq_grinder,
          uniq_eustachio
D:6:      layout_basic, palyth_temple_overflow_mages, serial_shops,
          nicolae_shop_waterfront, kennysheep_little_box,
          nicolae_shop_statue_plus, shop_coins, nicolae_shop_window_shopping
D:7:      lemuel_bear_cage, layout_rooms
D:8:      layout_rooms, grunt_decor_mini_mirrors, uniq_maurice
D:9:      layout_irregular_city, grunt_lair_entry_orc_guard_hut
D:10:     layout_gridville, david_orc_2, uniq_joseph
D:11:     layout_irregular_city, nicolae_elemental_shop, serial_park_tiny_pond
D:12:     layout_roguey, kb_rosetta
D:13:     layout_irregular_city, lightli_vaults_fourway_checkpoint,
          gammafunk_ghost_cemetery, glass_columns_a
D:14:     layout_basic, ploomutoo_gammafunk_ghost_potion_laboratory,
          fedhas_altar_1, uniq_agnes
D:15:     grunt_enter_depths_snipers, layout_loops_cross
Lair:1:   layout_hall_layers, ebering_ghost_xom, grunt_megastairs_1
Lair:2:   layout_gridlike, st_stairs_12, grunt_forest_stairs_clearing,
          grunt_megastairs_5
Lair:3:   layout_cellular_growth, serial_bayou_shore_b
Lair:4:   layout_roguey, swamp_mist, dummy_spider_entry,
          ebering_ghost_reflecting_pool, grunt_megastairs_4,
          infiniplex_staircase_pool_2, lemuel_fruit_tree
Lair:5:   layout_cave_shapes, slime_altar_2, st_stairs_12, minivault_11,
          serial_bayou_shore_b
Lair:6:   grunt_lair_end_beastmaster, layout_cave_pods, gauntlet_entry_generic,
          st_stairs_5, pond
Orc:1:    layout_caves, serial_shops, nicolae_shop_trees,
          chequers_guarded_unrand_ignorance
Orc:2:    grunt_orc_gardens, layout_caves, grunt_orc_garden, grunt_orc_garden,
          grunt_orc_garden, grunt_orc_garden, ebering_ghost_gozag, bloody_trog

Skill      XL: |  1  2  3  4  5  6  7  8  9 10 11 12 13 14 15 16 17 |
---------------+----------------------------------------------------+-----
Dodging        | 1 2 3 4 5 6 |  6.0
Shields        | 4 5 6 7 8 9 10 14 17 | 17.2
Long Blades    | 3 4 5 6 7 8 9 10 11 12 | 12.0
Fighting       | 4 5 6 7 9 10 11 12 13 | 13.0
Armour         | 4 5 7 8 9 10 11 13 | 13.0
Invocations    | 1 2 3 4 5 6 7 8 9 |  9.9
Evocations     | 2 3 4 5 6 7 8 9 |  9.0
Crossbows      | 7 9 10 11 12 | 12.0

Action                   |  1- 3 |  4- 6 |  7- 9 | 10-12 | 13-15 | 16-18 || total
-------------------------+-------+-------+-------+-------+-------+-------++-------
Melee: Long sword        |    98 |   187 |   321 |       |       |       ||   606
       Scimitar          |       |       |   145 |   771 |   861 |   542 ||  2319
       Great sword       |       |       |       |       |       |   218 ||   218
 Fire: Arbalest          |       |       |       |    85 |   242 |   265 ||   592
Invok: Heroism           |       |       |       |     9 |    10 |     4 ||    23
       Finesse           |       |       |       |     2 |     6 |     2 ||    10
 Abil: Dig               |       |       |     6 |     9 |     7 |     8 ||    30
  Use: Scroll            |     6 |       |     7 |    10 |    11 |    10 ||    44
       Potion            |       |       |     1 |     1 |     1 |     2 ||     5
 Stab: Confused          |       |       |       |       |       |     2 ||     2
Armor: Scale mail        |    30 |       |       |       |       |       ||    30
       Chain mail        |     7 |   105 |   192 |    51 |   119 |       ||   474
       Plate armour      |       |       |       |   248 |   188 |   103 ||   539
Dodge: Dodged            |    25 |    41 |   100 |   204 |   144 |    56 ||   570
Block: Kite shield       |    67 |   101 |   274 |   464 |   536 |       ||  1442
       Tower shield      |       |       |       |       |    34 |   640 ||   674
       Reflection        |       |       |       |       |       |    11 ||    11
       Rpst.: Long sword |     7 |    12 |    19 |       |       |       ||    38
       Scimitar          |       |       |    11 |    50 |    30 |     7 ||    98
       Great sword       |       |       |       |       |       |     4 ||     4

Table legend: (Time is in decaauts)
 A = Elapsed time spent in this place.
 B = Non-inter-level travel time spent in this place.
 C = Inter-level travel time spent in this place.
 D = Time resting spent in this place.
 E = Time spent auto-exploring this place.
 F = Levels seen in this place.
 G = Mean time per level.
                   A        B        C        D        E       F      G
               +--------+--------+--------+--------+--------+-----+--------+
         Total |  24176 |  21993 |   2183 |    520 |  15065 |  24 | 1007.3 |
       Dungeon |  14401 |  12868 |   1533 |    188 |   8979 |  15 |  960.1 |
          Lair |   6664 |   6084 |    580 |    102 |   4452 |   6 | 1110.7 |
  Orcish Mines |   2305 |   2236 |     69 |    229 |   1126 |   2 | 1152.5 |
      Gauntlet |    805 |    805 |      0 |      0 |    508 |   1 |  805.0 |
               +--------+--------+--------+--------+--------+-----+--------+

Top non-repeatable levels by time:
  Lair:6: 1579 daAuts
     D:6: 1541 daAuts
   Orc:2: 1332 daAuts
    D:14: 1217 daAuts
     D:7: 1156 daAuts
     D:2: 1148 daAuts
  Lair:1: 1122 daAuts
  Lair:3: 1096 daAuts
    D:13: 1094 daAuts
  Lair:5: 1043 daAuts
     D:5: 1027 daAuts
     D:8: 1001 daAuts
     D:4: 982 daAuts
   Orc:1: 973 daAuts
     D:3: 958 daAuts
